 Dungeon Crawl Stone Soup version 0.22.1-1-ga44c0e5 (webtiles) character file.

228 Irenicus the Insei (level 5, 0/43 HPs)
             Began as a Deep Dwarf Transmuter on Sept 25, 2018.
             Slain by an orc
             ... wielding a +2 short sword of electrocution
              (10 damage)
             ... on level 3 of the Dungeon.
             The game lasted 00:05:57 (912 turns).

Irenicus the Insei (Deep Dwarf Transmuter)           Turns: 912, Time: 00:06:00

Health: 0/43       AC:  3    Str: 14    XL:     5   Next: 71%
Magic:  5/8        EV: 12    Int: 13    God:
Gold:   121        SH:  0    Dex: 14    Spells: 7/8 levels left

rFire    . . .     SeeInvis .     - Unarmed
rCold    . . .     Gourm    .   (no shield)
rNeg     . . .     Faith    .   h - +0 leather armour (curse)
rPois    .         Spirit   .   (no helmet)
rElec    .         Reflect  .   (no cloak)
rCorr    .         Harm     .   (no gloves)
MR       .....                  (boots currently unavailable)
Stlth    +.........             (no amulet)
HPRegen  0.00/turn              (no ring)
MPRegen  0.11/turn              (no ring)

@: appendage, very slightly contaminated, non-regenerating
A: damage resistance, heal wounds, talons 3, sense surroundings 1, no
regeneration
a: Heal Wounds, End Transformation


You were on level 3 of the Dungeon.
You were not hungry.
You had grown temporary talons.
You visited 1 branch of the dungeon, and saw 3 of its levels.

You collected 121 gold pieces.

Inventory:

Missiles
 a - 35 arrows
Armour
 h - a cursed +0 leather armour (worn)
Scrolls
 b - a scroll of remove curse {unknown}
 e - a scroll of identify {unknown}
 f - a scroll of fog {unknown}
 g - a scroll of magic mapping {unknown}
Potions
 c - a potion of might
Comestibles
 d - 2 rations
 i - 3 chunks of flesh


   Skills:
 - Level 0.8 Fighting
 - Level 2.1 Dodging
 + Level 5.7 Unarmed Combat
 - Level 2.0 Spellcasting
 - Level 2.1 Transmutations


You had 7 spell levels left.
You knew the following spells:

 Your Spells              Type           Power        Failure   Level  Hunger
a - Beastly Appendage     Tmut           #.....       14%         1    ##.....

Your spell library contained the following spells:

 Spells                   Type           Power        Failure   Level  Hunger
 Sticks to Snakes         Tmut           #.......     21%         2    ###....
 Spider Form              Tmut/Pois      #.........   54%         3    ####...
 Ice Form                 Ice/Tmut       #.......     91%         4    #####..
 Blade Hands              Tmut           #.........   98%         5    ######.


Dungeon Overview and Level Annotations

Branches:
Dungeon (3/15)

Altars:
Gozag


Innate Abilities, Weirdness & Mutations

You are resistant to damage.
You can heal yourself by infusing magical energy.
You passively map a small area around you.
You do not regenerate.
You have claws for feet.


Message History

Casting: Beastly Appendage (safe; 14% risk of failure)
Confirm with . or Enter, or press ? or * to list all spells.
You miscast Beastly Appendage.
Nothing appears to happen.
The orc hits you with a short sword of electrocution.
You hit the orc.
The orc is lightly wounded.
The orc barely misses you.
You hit the orc but do no damage.
The orc is lightly wounded.
You hit the orc but do no damage.
The orc is lightly wounded.
The orc hits you with a short sword of electrocution.
Casting: Beastly Appendage (safe; 14% risk of failure)
Confirm with . or Enter, or press ? or * to list all spells.
Your feet morph into talons.
You are no longer poisoned.
The orc hits you with a short sword of electrocution.
* * * LOW HITPOINT WARNING * * *
You are electrocuted!
You die...

* *,......#....... *
* ## ..... #....... ,
, , .. ##.####.......
* * #.*,*
#.#..........
,#.#.####.#.##..)....
#.#....)...######'##
#.######.### #.#
####.#.######.# #.#
.......o@.....# #.# ,
####.#.######## #.#
,, ... #.# **#.## #.#
#. #.# #, #.# * #.#
#.# * * , #.##


You could see an orc.

Vanquished Creatures
  A scorpion (D:3)
  4 orc wizards (D:3)
  2 adders
  2 leopard geckos
  5 orcs (D:3)
  3 bats
  4 giant cockroaches
  6 goblins
  4 hobgoblins
  4 jackals (D:2)
  4 kobolds
  2 quokkas
  A ball python (D:3)
  2 frilled lizards
  A rat (D:1)
45 creatures vanquished.

Notes
Turn   | Place    | Note
-------+----------+-------------------------------------------
     0 | D:1      | Irenicus the Deep Dwarf Transmuter began the quest for the
                  | Orb.
     0 | D:1      | Reached XP level 1. HP: 16/16 MP: 3/3
    80 | D:2      | Reached XP level 2. HP: 10/24 MP: 3/5
    84 | D:2      | Reached skill level 3 in Unarmed Combat
   186 | D:2      | Found an opulent altar of Gozag.
   206 | D:2      | HP: 1/24 [hobgoblin/club (3)]
   268 | D:2      | Reached XP level 3. HP: 26/30 MP: 6/6
   420 | D:3      | Noticed a scorpion
   446 | D:3      | Killed a scorpion
   446 | D:3      | Reached skill level 4 in Unarmed Combat
   446 | D:3      | Reached XP level 4. HP: 13/37 MP: 4/7
   483 | D:3      | Reached skill level 5 in Unarmed Combat
   483 | D:3      | Reached XP level 5. HP: 29/43 MP: 8/8
   912 | D:3      | Slain by an orc

Skill      XL: |  1  2  3  4 |
---------------+-------------+-----
Spellcasting   | 2 |  2.0
Transmutations | 2 |  2.1
Unarmed Combat | 3 4 5 |  5.7
Fighting       | |  0.8
Dodging        | |  2.1

Action                   |  1- 3 |  4- 6 || total
-------------------------+-------+-------++-------
Melee: Unarmed           |   111 |    70 ||   181
       Headbutt          |     7 |     6 ||    13
       Kick              |     7 |     7 ||    14
       Punch             |       |     1 ||     1
 Cast: Beastly Appendage |    14 |     9 ||    23
 Abil: Heal Wounds       |     1 |     1 ||     2
  Use: Potion            |       |     1 ||     1
 Stab: Sleeping          |     1 |       ||     1
  Eat: Chunk             |       |     1 ||     1
Armor: Robe              |    12 |       ||    12
       Leather armour    |    34 |    15 ||    49
Dodge: Dodged            |    94 |    38 ||   132
